 Dungeon Crawl Stone Soup version 0.26.0-20-g3ca415f5b8 (webtiles) character file.

Game seed: 11666669252756425576

2005 kaeus the Sneak (level 9, -6/61 HPs)
             Began as an Octopode Fighter on Jan 25, 2021.
             Mangled by a yak (13 damage)
             ... on level 8 of the Dungeon.
             The game lasted 00:10:13 (6894 turns).

kaeus the Sneak (Octopode Fighter)                  Turns: 6894, Time: 00:10:14

Health: -6/61      AC:  5    Str: 16    XL:     9   Next: 22%
Magic:  14/14      EV: 14    Int: 16    God:
Gold:   276        SH: 12    Dex: 14    Spells: 15/15 levels left

rFire    . . .     SeeInvis .   i - +2 dagger (vamp)
rCold    . . .     Faith    .   a - +2 kite shield
rNeg     . . .     Spirit   .   r - +2 hat
rPois    .         Reflect  .   (no amulet)
rElec    .         Harm     .   o - ring of willpower
rCorr    .         Rampage  .   x - +6 ring of intelligence
Will     +....                  (no ring)
Stlth    ++++......             (no ring)
HPRegen  0.20/turn              (no ring)
MPRegen  0.14/turn              (no ring)
                                (no ring)
                                (no ring)

@: about to teleport, hasted, very quick
A: almost no armour, stealthy swim, amphibious, 8 rings, constrict 8, slimy
green scales 1, camouflage 1, wild magic 1, gelatinous body 1
a: no special abilities


You were on level 8 of the Dungeon.
You visited 1 branch of the dungeon, and saw 10 of its levels.
You also visited: Ossuary.

You collected 276 gold pieces.

Inventory:

Hand Weapons
 i - a +2 vampiric dagger (weapon)
 D - a +2 vorpal quarterstaff
Armour
 a - a +2 kite shield (worn)
 r - a +2 hat (worn)
Jewellery
 o - a ring of willpower (left tentacle)
 x - a +6 ring of intelligence (right tentacle)
Wands
 z - a wand of random effects (41)
 E - a wand of flame (8)
Scrolls
 c - 2 scrolls of fear
 e - 2 scrolls of noise
 f - 9 scrolls of remove curse
 g - 2 scrolls of identify
 n - a scroll of enchant weapon {unknown}
 p - a scroll of magic mapping
 q - a scroll of holy word {unknown}
 s - 2 scrolls of teleportation
 w - 3 scrolls of enchant armour
 y - a scroll of amnesia
 C - a scroll of immolation {unknown}
Potions
 b - 3 potions of might
 d - a potion of mutation
 j - 4 potions of invisibility
 k - 4 potions of brilliance
 l - 2 potions of attraction
 t - 3 potions of flight
 v - a potion of haste


   Skills:
 + Level 5.4 Fighting
 + Level 5.2 Dodging
 + Level 6.2 Stealth
 + Level 5.3 Shields
 + Level 4.8 Unarmed Combat
 + Level 3.7 Spellcasting
 + Level 4.2 Transmutations


You had 15 spell levels left.
You didn't know any spells.
Your spell library contained the following spells:

 Spells                   Type           Power        Failure   Level
 Sting                    Tmut/Pois      48%          34%         1
 Animate Skeleton         Necr           6%           61%         1
 Pain                     Necr           12%          61%         1
 Summon Small Mammal      Summ           12%          61%         1
 Spider Form              Tmut/Pois      6%           67%         3
 Call Imp                 Summ           3%           73%         2
 Poisonous Vapours        Pois/Air       6%           73%         2
 Sublimation of Blood     Necr           1%           73%         2
 Call Canine Familiar     Summ           3%           91%         3
 Summon Guardian Golem    Hex/Summ       3%           91%         3
 Vampiric Draining        Necr           1%           91%         3
 Animate Dead             Necr           1%           100%        4
 Summon Ice Beast         Ice/Summ       3%           100%        4
 Summon Lightning Spire   Summ/Air       3%           100%        4
 Agony                    Necr           3%           100%        5
 Alistair's Intoxication  Tmut/Pois      8%           100%        5
 Eringya's Noxious Bog    Tmut/Pois      6%           100%        6


Dungeon Overview and Level Annotations

Branches:
Dungeon (10/15)            Temple (0/1) D:7         Ossuary (visited)
   Lair: D:8-11         Orc: D:9-12

Altars:
Ashenzari
Elyvilon
Hepliaklqana
Nemelex Xobeh
Ru
Uskayaw
Yredelemnul
Zin


Innate Abilities, Weirdness & Mutations

You cannot wear most types of armour.
You are very stealthy in the water. (Stealth+)
You are amphibious.
You can wear up to eight rings at the same time.
You can use your tentacles to constrict eight enemies at once.
Your skin changes colour to match your surroundings (Stealth+).
Your rubbery body absorbs attacks. (AC +1, EV +1)
You are partially covered in slimy green scales. (AC +2)
Your spells are a little harder to cast, but a little more powerful.


Message History

The yak gores you but does no damage. You block the yak's attack.
The adder zombie barely misses you.
You hit the yak but do no damage.
The yak is severely wounded.
The yak gores you but does no damage. You block the yak's attack.
The yak gores you but does no damage.
You hit the yak.
You feel better.
The yak is almost dead.
You block the adder zombie's attack.
The yak gores you but does no damage. x3
You barely miss the yak.
The yak is almost dead.
You feel less wooden.
Your +2 hat unmelds from your body.
You block the yak's attack. You block the adder zombie's attack.
The yak gores you.
* * * LOW HITPOINT WARNING * * *
The yak closely misses you.
You now have 7/61 hp.
As you read the scroll of teleportation, it crumbles to dust.
You feel strangely unstable. You block the yak's attack. The yak gores you!
You die...

..#.....#.#
##...#...#.#
...#.......#
...........
........####
.........
####ZYY.##
#...Y@...#
#.##Y###.#
#! #. #. #.
.. ..


You could see 4 yaks and an adder zombie.

Vanquished Creatures
  A troll (D:10)
  Duvessa (D:4)
  A sky beast (D:5)
  A necrophage (D:9)
  A phantom (D:6)
  2 centaurs
  2 bullfrogs
  A water moccasin zombie (Ossuary)
  Dowan (D:4)
  3 bullfrog zombies (Ossuary)
  3 centaur zombies
  A jelly (D:6)
  3 hounds
  2 bullfrog skeletons
  An orc wizard (D:4)
  2 iguanas
  Ijyb (D:4)
  5 worker ants
  A killer bee zombie (Ossuary)
  2 hound zombies
  A hound skeleton (D:5)
  2 howler monkey zombies (Ossuary)
  12 mummies
  2 worker ant zombies (Ossuary)
  3 adders
  A shadow imp (D:9)
  2 white imps
  An ooze (D:3)
  2 adder zombies (Ossuary)
  A worm (D:3)
  3 dart slugs
  3 leopard geckos
  8 orcs
  3 ball pythons (D:3)
  4 bats
  4 giant cockroaches
  2 gnoll zombies (D:3)
  9 goblins
  8 hobgoblins
  10 jackals
  9 kobolds
  4 quokkas
  A ball python zombie (Ossuary)
  A frilled lizard (D:3)
  2 leopard gecko zombies
  A quokka zombie (Ossuary)
  8 rats
142 creatures vanquished.

Vanquished Creatures (others)
  11 withered plants (Ossuary)
11 creatures vanquished.

Grand Total: 153 creatures vanquished

Notes
Turn   | Place    | Note
-------+----------+-------------------------------------------
     0 | D:1      | kaeus the Octopode Fighter began the quest for the Orb.
     0 | D:1      | Reached XP level 1. HP: 16/16 MP: 1/1
   203 | D:1      | Reached XP level 2. HP: 21/21 MP: 2/2
   227 | D:1      | Reached skill level 1 in Stealth
   935 | D:2      | Found a glowing silver altar of Zin.
   939 | D:2      | Reached XP level 3. HP: 26/26 MP: 3/3
  1516 | D:2      | Found a sparkling altar of Nemelex Xobeh.
  1525 | D:2      | Found a sacrificial altar of Ru.
  1560 | D:2      | Reached skill level 1 in Transmutations
  1709 | D:3      | Reached XP level 4. HP: 31/31 MP: 4/4
  1787 | D:3      | Found a hide-covered altar of Uskayaw.
  1789 | D:3      | Noticed a +0 dagger
  1789 | D:3      | Noticed a +0 hand axe
  1816 | D:3      | Reached skill level 2 in Stealth
  2083 | D:3      | Reached skill level 1 in Spellcasting
  2171 | D:3      | Reached XP level 5. HP: 36/36 MP: 6/6
  2633 | D:3      | Found a basalt altar of Yredelemnul.
  2960 | D:4      | Noticed Duvessa
  2967 | D:4      | Noticed Dowan
  2972 | D:4      | Killed Duvessa
  2973 | D:4      | Reached skill level 3 in Stealth
  2973 | D:4      | Reached XP level 6. HP: 22/43 MP: 6/8
  2975 | D:4      | Killed Dowan
  3432 | D:4      | Noticed Ijyb
  3442 | D:4      | Killed Ijyb
  3782 | D:5      | Entered Level 5 of the Dungeon
  3807 | D:5      | Reached XP level 7. HP: 46/48 MP: 8/10
  3853 | D:5      | Found a sand-covered staircase.
  3863 | Ossuary  | Entered an ossuary
  3923 | Ossuary  | Gained mutation: You are partially covered in slimy green
                  | scales. (AC +2) [potion of mutation]
  3923 | Ossuary  | Gained mutation: Your spells are a little harder to cast,
                  | but a little more powerful. [potion of mutation]
  3929 | Ossuary  | Reached skill level 4 in Stealth
  4334 | Ossuary  | Reached XP level 8. HP: 36/54 MP: 11/11
  4974 | D:5      | Reached skill level 5 in Stealth
  5045 | D:5      | Identified Fuesaet's Collected Works on Dark Rituals and
                  | Poison
  5322 | D:5      | Found a hazy altar of Hepliaklqana.
  5597 | D:6      | Found a broken altar of Ashenzari.
  5739 | D:6      | Reached skill level 5 in Fighting
  5980 | D:6      | Found a white marble altar of Elyvilon.
  6292 | D:7      | Reached skill level 5 in Shields
  6292 | D:7      | Found a staircase to the Ecumenical Temple.
  6303 | D:7      | You fall into a shaft and drop 3 floors!
  6303 | D:10     | Entered Level 10 of the Dungeon
  6315 | D:10     | Reached skill level 5 in Dodging
  6315 | D:10     | Noticed a troll
  6337 | D:10     | Killed a troll
  6338 | D:10     | Reached skill level 6 in Stealth
  6338 | D:10     | Reached XP level 9. HP: 53/61 MP: 14/14
  6894 | D:8      | Mangled by a yak

Illustrated notes

Levels and vault maps discovered:
D:1:      lightli_arrival_noodles, layout_basic
D:2:      layout_basic, nicolae_overflow_crystal_walls, lemuel_crystal_altar,
          zin_academy
D:3:      layout_loops_ring, lemuel_zombie_altar_yredelemnul,
          dancing_weapons_uskayaw, st_stairs_4, minmay_crystal_room,
          minmay_shallow_snake_nest
D:4:      layout_basic, serial_bayou_pond_d, minmay_misc_feat_cross,
          uniq_duvessa, uniq_ijyb
D:5:      layout_basic, nzn_hepliaklqana_mist_gate, gup_ossuary_entry_pyramid,
          kennysheep_nub
D:6:      layout_gridville, ashenzari_altar_1, general_overflow_altar
D:7:      layout_loops_corners, overflow_temple_1_default,
          minmay_temple_entry_stoned_glass
D:8:      layout_basic, led_sif_book, serial_shops, shop, uniq_psyche,
          uniq_erica, uniq_maurice
D:9:      layout_rooms, nicolae_tso_swordbearing_angel, slow_altar_2
D:10:     layout_irregular_city, kennysheep_small_circle

Skill      XL: |  1  2  3  4  5  6  7  8 |
---------------+-------------------------+-----
Stealth        | 1 2 3 4 6 |  6.2
Transmutations | 1 2 4 |  4.2
Spellcasting   | 1 2 3 |  3.7
Unarmed Combat | 3 4 |  4.8
Fighting       | 4 5 |  5.4
Shields        | 4 5 |  5.3
Dodging        | 4 5 |  5.2

Action                   |  1- 3 |  4- 6 |  7- 9 || total
-------------------------+-------+-------+-------++-------
Melee: Unarmed           |    23 |       |       ||    23
       Constrict         |    19 |    28 |    43 ||    90
       Tentacles         |    13 |    30 |    60 ||   103
       Dagger            |    53 |   125 |   275 ||   453
       Punch             |       |     4 |     8 ||    12
  Use: Scroll            |       |     6 |    11 ||    17
       Potion            |       |       |    14 ||    14
 Stab: Sleeping          |    10 |    13 |    10 ||    33
Armor: Skin              |     2 |    19 |   131 ||   152
Dodge: Dodged            |    12 |    61 |    76 ||   149
Block: Kite shield       |    23 |    55 |   153 ||   231
